 Dungeon Crawl Stone Soup version 0.30-a0-1164-ge08a67761e (webtiles) character file.

Game seed: 2724628673533982631

125216 Gargoyl the Warrior (level 16, -14/168 HPs)
             Began as a Gargoyle Berserker on Apr 29, 2023.
             Was an Elder of Trog.
             Shot with an arrow by Vashnia (23 damage)
             ... on level 2 of the Snake Pit.
             The game lasted 00:44:26 (25553 turns).

Gargoyl the Warrior (Gargoyle Berserker)           Turns: 25553, Time: 00:44:26

Health: -14/168    AC: 42    Str: 26    XL:     16   Next: 95%
Magic:  16/16      EV: 14    Int: 15    God:    Trog [****..]
Gold:   692        SH: 15    Dex: 20    Spells: 15/15 levels left

rFire   + + .        a - +2 hand axe (elec)
rCold   . . .        V - +0 tower shield
rNeg    + + +        z - +0 plate armour "Onipt" {rN+}
rPois   ∞            P - +3 helmet "Onaxu" {Rampage rN+++ Str-4}
rElec   +            (no cloak)
rCorr   +            D - +2 pair of gloves of Courage {rF+}
SInv    .            v - +1 pair of boots
Will    +++..        M - amulet "Tecs" {Acrobat *Slow rCorr Int+3 Dex+9} Stlth
                     H - ring of the Catamount {rElec rF+ Str+3 Int+4}
HPRegen 1.48/turn    p - +5 ring of evasion
MPRegen 0.15/turn

%: slow self (1%), acrobat, rampage
@: berserking, strong-willed, flying, regenerating, studying Dodging, very quick
A: sickness immunity, AC +12, big wings, negative energy resistance 1,
electricity resistance, torment resistance 1, petrification resistance, claws 1,
iridescent scales 1, MP-powered wands
a: Renounce Religion, Berserk, Trog's Hand, Brothers in Arms


You were on level 2 of the Snake Pit.
You worshipped Trog.
Trog was greatly pleased with you.
You visited 4 branches of the dungeon, and saw 24 of its levels.
You also visited: Sewer.

You collected 2533 gold pieces.
You spent 1841 gold pieces at shops.

Inventory:

Hand Weapons
 a - a +2 hand axe of electrocution (weapon)
 o - a +0 scimitar of electrocution
 B - a +1 war axe of freezing
 L - a +1 broad axe
 S - a +1 broad axe of holy wrath
 W - a +1 war axe of venom
Missiles
 g - 56 poisoned darts (quivered)
 C - a throwing net
Armour
 v - a +1 pair of boots (worn)
 y - a +2 pair of gloves of hurling
 z - the +0 plate armour "Onipt" (worn) {rN+}
   (You bought it in a shop on level 11 of the Dungeon)

   rN:        It protects you from negative energy.
 D - the +2 pair of gloves of Courage (worn) {rF+}
   (You acquired it on level 3 of the Lair of Beasts)

   rF:        It protects you from fire.
 P - the +3 helmet "Onaxu" (worn) {Rampage rN+++ Str-4}
   (You bought it in a shop on level 13 of the Dungeon)

   Str:       It affects your strength (-4).
   rN:        It renders you almost immune to negative energy.
   Rampage:   It bestows one free step when moving towards enemies.
 V - a +0 tower shield (worn)
Jewellery
 i - a ring of protection from cold
 p - a +5 ring of evasion (right hand)
 s - a ring of protection from fire
 E - the amulet of Fedhas's Supremacy {Acrobat rC+ Stlth+}
   (You found it on level 14 of the Dungeon)

   [amulet of the acrobat]

   It increases your evasion while moving and waiting.
   rC:        It protects you from cold.
   Stlth:     It makes you more stealthy.
 H - the ring of the Catamount (left hand) {rElec rF+ Str+3 Int+4}
   (You found it on level 11 of the Dungeon)

   [ring of protection from fire]

   Str:       It affects your strength (+3).
   Int:       It affects your intelligence (+4).
   rF:        It protects you from fire.
   rElec:     It insulates you from electricity.
 M - the amulet "Tecs" (around neck) {Acrobat *Slow rCorr Int+3 Dex+9}
   (You found it on level 4 of the Lair of Beasts)

   [amulet of the acrobat]

   It increases your evasion while moving and waiting.
   Int:       It affects your intelligence (+3).
   Dex:       It affects your dexterity (+9).
   rCorr:     It protects you from acid and corrosion.
   *Slow:     It may slow you when you take damage.
 O - a ring of positive energy
 U - an amulet of regeneration
Wands
 k - a wand of mindburst (12)
 r - a wand of roots (46)
 u - a wand of light (16)
 I - a wand of paralysis (7)
 N - a wand of flame (28)
 R - a wand of polymorph (2)
Scrolls
 b - 2 scrolls of poison
 c - a scroll of brand weapon
 l - 2 scrolls of teleportation
 t - 3 scrolls of enchant armour
 w - 7 scrolls of identify
 F - a scroll of fear
 G - 2 scrolls of silence
 J - 5 scrolls of magic mapping
 Q - a scroll of enchant weapon
Potions
 d - 6 potions of haste
 e - 7 potions of curing
 f - 5 potions of flight
 h - 3 potions of lignification
 j - 2 potions of resistance
 m - 4 potions of might
 n - 3 potions of mutation
 q - 7 potions of brilliance
 x - a potion of magic
 K - 2 potions of invisibility


   Skills:
 + Level 17.5 Fighting
 + Level 5.1 Long Blades
 + Level 17.0 Axes
 + Level 2.0 Throwing
 + Level 16.3 Armour
 + Level 5.4 Dodging
 + Level 4.0 Stealth
 + Level 4.5 Shields
 + Level 1.1 Unarmed Combat


You had 15 spell levels left.
You didn't know any spells.
Your spell library was empty.

Dungeon Overview and Level Annotations

Branches:
Dungeon (15/15)            Temple (0/1) D:7            Lair (5/5) D:11
  Swamp (0/4) Lair:3        Snake (2/4) Lair:3        Slime (0/5) Lair:5
    Orc (2/2) D:9             Elf (0/3) Orc:2        Vaults (0/5) D:13
 Depths (0/4) D:15          Sewer (visited)

Altars:
Elyvilon
Fedhas
Okawaru
Qazlal
Sif Muna
Uskayaw
Xom
Zin
Jiyva

Shops:
D:2 =   D:9 *   D:11 [   D:13 *   Orc:2 (?[=(   Snake:2 =

Annotations:
D:7 2 runed translucent doors
D:9 3 runed translucent doors, Serus's ghost, novice GrMo
Snake:2 Vashnia


Innate Abilities, Weirdness & Mutations

You are immune to sickness and miasma.
Your stone body is resilient. (AC +12)
You are immune to poison.
Your large and strong wings let you fly.
You resist negative energy. (rN+)
You are resistant to electric shocks. (rElec)
You are resistant to unholy torment.
You are immune to petrification.
You have sharp fingernails.
You are partially covered in iridescent scales. (AC +2)
You expend magic power (3 MP) to strengthen your wands.


Message History

Vashnia is moderately wounded.
The naga sharpshooter shoots a bolt.
You block the bolt.
Your black bear barely misses the naga sharpshooter.
Your black bear claws the naga sharpshooter!
Your black bear misses the naga sharpshooter.
Unknown command.
You slash Vashnia! Lightning courses through Vashnia!!
Vashnia is heavily wounded.
Vashnia shoots an arrow.
The arrow hits you! The arrow freezes you.
The naga sharpshooter spits poison at you.
The splash of poison hits you but does no damage.
You resist.
The naga sharpshooter shoots a bolt.
The bolt hits you!
* * * LOW HITPOINT WARNING * * *
Your black bear barely misses the naga sharpshooter.
Your black bear claws the naga sharpshooter! x2
The naga sharpshooter shoots a bolt.
You block the bolt.
A red film seems to cover your vision as you go berserk!
You feel yourself moving faster!
You feel mighty!
Your black bear bites the naga sharpshooter but does no damage.
Your black bear claws the naga sharpshooter but does no damage.
Your black bear barely misses the naga sharpshooter.
The naga sharpshooter shoots an arrow.
The arrow hits your black bear!!
The naga sharpshooter mumbles some strange words.
The naga sharpshooter magically shoots a bolt.
You block the bolt.
Vashnia shoots an arrow.
The arrow hits you!
* * * LOW HITPOINT WARNING * * *
The arrow freezes you.
* * * LOW HITPOINT WARNING * * *
The naga sharpshooter spits poison at you.
The splash of poison hits you but does no damage.
You resist.
Your black bear bites the naga sharpshooter.
Your black bear closely misses the naga sharpshooter.
Your black bear claws the naga sharpshooter.
You slash Vashnia!
Vashnia is heavily wounded.
The naga sharpshooter shoots a bolt.
The bolt hits you!!
* * * LOW HITPOINT WARNING * * *
Vashnia shoots an arrow.
The arrow hits you!!
You die...

.##.### ..#.[.# ...
....# ..###.# #..
......... #.###.#
...#.N.....#
#...))####..#...#...##
####)).....##....N...##
#.............#......#
##............##....#...
#........##.....@N......
#.....#####......#...###
......##.............#
.∩.#..##......h......#
............##N.....##
......##.##.....?.....
###^.....####.#########
#.......# ..# #.....#.#
.##


You could see Vashnia, 3 naga sharpshooters and a friendly black bear (summoned,
berserk).

Vanquished Creatures
  A golden dragon (shapeshifter) (D:13)
  Rupert (Lair:4)
  Agnes (Snake:1)
  An orc warlord (Orc:2)
  Louise (Snake:1)
  Nessos (D:13)
  A dire elephant (Lair:5)
  A great orb of eyes (D:15)
  A hydra (Lair:3)
  2 ogre magi (Orc:2)
  A catoblepas (Lair:5)
  6 centaur warriors
  2 death knights (D:15)
  5 anacondas
  2 dancing weapons (D:13)
  4 naga warriors
  6 death yaks
  3 tengu warriors
  11 two-headed ogres
  6 boulder beetles
  6 naga sharpshooters
  Urug (D:12)
  A shock serpent (Snake:1)
  A salamander mystic (Snake:2)
  2 skysharks
  A fire crab (Lair:5)
  2 deep trolls (Orc:1)
  An orange crystal statue (Orc:1)
  2 phantasmal warriors (D:15)
  2 wizards (D:15)
  2 lindwurms (Lair:5)
  3 orc knights
  4 orc sorcerers
  2 oklob plants (Lair:5)
  2 mana vipers (Snake:2)
  29 ugly things
  4 cyclopes
  3 manticores
  2 salamanders
  8 elephants
  A black mamba (shapeshifter) (D:15)
  6 naga magi
  13 black mambas
  Joseph (D:7)
  11 cane toads
  2 gargoyles
  An unseen horror (D:11)
  7 komodo dragons
  4 rime drakes
  A kobold demonologist (D:11)
  2 freezing wraiths (D:14)
  5 polar bears
  A meliai (shapeshifter) (D:15)
  6 meliai
  16 trolls
  A troll (shapeshifter) (D:15)
  2 hornets
  16 blink frogs
  Prince Ribbit (D:6)
  6 dream sheep (Lair:4)
  12 slime creatures
  7 wyverns
  A vampire (D:10)
  3 shadows
  5 basilisks
  38 yaks
  4 wraiths
  2 steam dragons
  10 vampire mosquitoes
  4 wargs
  9 nagas
  An acid dragon (D:11)
  Edmund (D:6)
  36 water moccasins
  A sky beast (D:7)
  Pargi (Sewer)
  10 black bears
  20 orc warriors
  23 wolves
  25 ogres
  17 centaurs
  Blork the orc (D:3)
  4 kobold brigands
  A gnoll sergeant (Orc:1)
  7 bullfrogs
  3 scorpions
  5 wights (D:7)
  An electric eel (Lair:5)
  3 howler monkeys (D:10)
  3 hounds
  2 jellies (D:6)
  13 orc priests
  A gnoll bouda (Orc:2)
  A sleepcap (D:5)
  An iguana (D:7)
  26 orc wizards
  21 gnolls
  11 adders
  11 white imps (Lair:5)
  4 worms
  A dart slug (D:1)
  74 orcs
  8 ball pythons
  6 bats
  9 endoplasms
  6 giant cockroaches
  7 goblins
  7 hobgoblins
  40 kobolds
  3 quokkas
  3 frilled lizards
  4 rats
755 creatures vanquished.

Vanquished Creatures (collateral kills)
  2 hydras
  Harold (D:10)
  A deep troll shaman (Lair:5)
  A komodo dragon (Lair:1)
  A wyvern (Lair:1)
  A black bear (Lair:1)
  A wolf (Lair:1)
  A bullfrog (Lair:1)
9 creatures vanquished.

Vanquished Creatures (others)
  An orc warrior (Orc:1)
  A white imp (Lair:5)
  An orc (Orc:2)
  41 fungi
  43 plants
87 creatures vanquished.

Grand Total: 851 creatures vanquished

Notes
Turn   | Place    | Note
-------+----------+-------------------------------------------
     0 | D:1      | Gargoyl the Gargoyle Berserker began the quest for the Orb.
     0 | D:1      | Reached XP level 1. HP: 14/14 MP: 1/1
   369 | D:1      | Reached XP level 2. HP: 16/19 MP: 2/2
   525 | D:1      | Found a faded altar of an unknown god.
   870 | D:2      | Reached XP level 3. HP: 23/24 MP: 3/3
   979 | D:2      | Found Pefoul's Jewellery Shoppe.
  1495 | D:3      | Reached XP level 4. HP: 13/29 MP: 4/4
  1925 | D:3      | Found a glowing silver altar of Zin.
  1933 | D:3      | Found a hide-covered altar of Uskayaw.
  2113 | D:3      | Reached ** piety under Trog
  2331 | D:3      | Identified the +0 kite shield of Benevolence {*Corrode
                  | Str+2 Dex+9}
  2496 | D:4      | Reached XP level 5. HP: 33/33 MP: 5/5
  2670 | D:4      | Reached XP level 6. HP: 38/38 MP: 6/6
  2682 | D:4      | Found a glowing drain.
  2717 | Sewer    | Entered a sewer
  2812 | Sewer    | Noticed Pargi
  2819 | Sewer    | Killed Pargi
  2820 | Sewer    | Reached skill level 5 in Axes
  2948 | D:4      | Noticed Blork the orc
  2996 | D:3      | Killed Blork the orc
  2997 | D:3      | Reached XP level 7. HP: 44/44 MP: 7/7
  3516 | D:5      | Entered Level 5 of the Dungeon
  3704 | D:5      | Reached skill level 1 in Long Blades
  4394 | D:6      | Found a blossoming altar of Fedhas.
  4622 | D:6      | Noticed Prince Ribbit
  4630 | D:6      | Noticed Edmund
  4642 | D:6      | Killed Edmund
  4643 | D:6      | Reached skill level 5 in Fighting
  4643 | D:6      | Reached XP level 8. HP: 49/49 MP: 8/8
  4648 | D:6      | Killed Prince Ribbit
  4649 | D:6      | Reached skill level 5 in Armour
  4982 | D:7      | Noticed Joseph
  4994 | D:7      | Killed Joseph
  4995 | D:7      | Reached skill level 1 in Stealth
  5125 | D:7      | Reached XP level 9. HP: 54/54 MP: 9/9
  5288 | D:7      | Reached *** piety under Trog
  5497 | D:7      | Found a large runed translucent door.
  5498 | D:7      | Found a large runed translucent door.
  5506 | D:7      | Noticed a troll
  5539 | D:7      | Reached skill level 5 in Long Blades
  5541 | D:7      | Noticed a hornet
  5548 | D:7      | Killed a hornet
  5617 | D:7      | Identified the ring of Exhibitionism {rN+ Int+5}
  5713 | D:7      | Killed a troll
  5717 | D:7      | Found a large runed translucent door.
  5717 | D:7      | Found a large runed translucent door.
  5880 | D:7      | Found a staircase to the Ecumenical Temple.
  5918 | D:7      | Reached XP level 10. HP: 59/61 MP: 10/10
  6602 | D:8      | Noticed a two-headed ogre
  6618 | D:8      | Killed a two-headed ogre
  6841 | D:8      | Found a stormy altar of Qazlal.
  6841 | D:8      | Found a white marble altar of Elyvilon.
  6848 | D:8      | Found a faded altar of an unknown god.
  6850 | D:8      | Found a shimmering altar of Xom.
  6852 | D:8      | Found a faded altar of an unknown god.
  6947 | D:9      | Noticed a two-headed ogre
  6949 | D:9      | Noticed a centaur warrior
  6949 | D:9      | Noticed Serus's ghost (novice GrMo)
  6950 | D:9      | Found a runed translucent gate.
  6951 | D:9      | Found a runed translucent gate.
  6951 | D:9      | Found a runed translucent gate.
  6961 | D:9      | Noticed an entropy weaver
  6991 | D:9      | Reached XP level 11. HP: 54/68 MP: 11/11
  6993 | D:9      | an entropy weaver changed into a blink frog
  7110 | D:9      | Reached **** piety under Trog
  7111 | D:9      | Reached skill level 10 in Axes
  7111 | D:9      | Found a staircase to the Orcish Mines.
  7263 | D:9      | Noticed a fire crab
  7380 | D:9      | Found Tooh Ripy's CLEARANCE SALE!.
  7492 | D:10     | Entered Level 10 of the Dungeon
  7941 | D:10     | Noticed a centaur warrior
  7957 | D:10     | Killed a centaur warrior
  8039 | D:10     | Noticed Harold
  8051 | D:10     | Killed Harold
  8052 | D:10     | Reached skill level 10 in Armour
  8115 | D:10     | Noticed a green ugly thing
  8122 | D:10     | Killed a green ugly thing
  8352 | D:10     | Noticed a red ugly thing
  8360 | D:10     | Killed a red ugly thing
  8400 | D:10     | Noticed a boulder beetle
  8415 | D:10     | Killed a boulder beetle
  8498 | D:10     | Found an iron altar of Okawaru.
  8621 | D:11     | Found Noth's Antique Armour Boutique.
  8632 | D:11     | Noticed a sixfirhy
  8730 | D:11     | Identified the ring of the Catamount {rElec rF+ Str+3
                  | Int+4}
  8852 | D:11     | Reached XP level 12. HP: 43/76 MP: 12/12
  9102 | D:11     | Found a staircase to the Lair.
  9443 | Lair:1   | Entered Level 1 of the Lair of Beasts
  9462 | Lair:1   | Reached skill level 1 in Throwing
  9572 | Lair:1   | Reached skill level 10 in Fighting
 10485 | Lair:2   | Noticed a skyshark
 10663 | Lair:2   | Killed a skyshark
 10889 | D:11     | Bought an encrusted plate armour for 1008 gold pieces
 10889 | D:11     | Identified the +0 plate armour "Onipt" {rN+} (You bought it
                  | in a shop on level 11 of the Dungeon)
 10990 | Lair:2   | Reached XP level 13. HP: 84/84 MP: 13/13
 11279 | Lair:3   | Found a staircase to the Snake Pit.
 11442 | Lair:3   | Identified a scroll of acquirement
 11442 | Lair:3   | Acquired the +2 pair of gloves of Courage {rF+}
 11795 | Lair:3   | Found a staircase to the Swamp.
 12130 | Lair:4   | Noticed Rupert
 12149 | Lair:4   | Paralysed by Rupert for 3 turns
 12158 | Lair:4   | Killed Rupert
 12338 | Lair:4   | Found a shimmering blue altar of Sif Muna.
 12511 | Lair:4   | Identified the amulet "Tecs" {Acrobat *Slow rCorr Int+3
                  | Dex+9}
 13254 | Lair:5   | Entered Level 5 of the Lair of Beasts
 13343 | Lair:4   | Reached ***** piety under Trog
 13613 | Lair:5   | Gained mutation: Your large and strong wings let you fly.
                  | [Gargoyle growth]
 13613 | Lair:5   | Reached XP level 14. HP: 67/92 MP: 14/14
 13817 | Lair:5   | Noticed a dire elephant
 13839 | Lair:5   | HP: 4/92 [dire elephant (16)]
 14218 | Lair:5   | Found a viscous altar of Jiyva.
 14220 | Lair:5   | Found a staircase to the Slime Pits.
 14568 | Lair:5   | Gained mutation: You have sharp fingernails. [potion of
                  | mutation]
 14568 | Lair:5   | Gained mutation: You expend magic power (3 MP) to
                  | strengthen your wands. [potion of mutation]
 14568 | Lair:5   | Gained mutation: You are partially covered in iridescent
                  | scales. (AC +2) [potion of mutation]
 14674 | Lair:5   | Reached skill level 15 in Axes
 15235 | Lair:5   | Killed a dire elephant
 15754 | D:12     | Noticed Urug
 15778 | D:12     | Killed Urug
 16560 | D:13     | Acquired a +1 broad axe of holy wrath
 16562 | D:13     | Acquired a manual of Dodging
 16708 | D:13     | Received a gift from Trog
 16747 | D:13     | Found a gate to the Vaults.
 16936 | D:13     | Found Zejiz's Assorted Antiques.
 16986 | D:13     | Bought a heavily runed helmet for 323 gold pieces
 16986 | D:13     | Identified the +3 helmet "Onaxu" {Rampage rN+++ Str-4} (You
                  | bought it in a shop on level 13 of the Dungeon)
 17025 | D:13     | Reached XP level 15. HP: 94/101 MP: 15/15
 17388 | D:13     | Noticed Nessos
 17468 | D:13     | Killed Nessos
 17717 | D:13     | Reached skill level 1 in Unarmed Combat
 17907 | D:13     | Noticed an iron giant
 17928 | D:13     | an iron giant changed into a golden dragon
 17928 | D:13     | Noticed a golden dragon (shapeshifter)
 17947 | D:13     | Killed a golden dragon
 18197 | D:14     | Reached skill level 15 in Fighting
 18214 | D:14     | Found a hide-covered altar of Uskayaw.
 18540 | D:14     | Identified the amulet of Fedhas's Supremacy {Acrobat rC+
                  | Stlth+}
 19311 | D:15     | Entered Level 15 of the Dungeon
 19734 | D:15     | Reached skill level 15 in Armour
 20526 | D:15     | Reached XP level 16. HP: 80/110 MP: 16/16
 20535 | D:15     | Found a staircase to the Depths.
 20889 | Orc:1    | Entered Level 1 of the Orcish Mines
 20997 | Orc:1    | Found a shimmering altar of Xom.
 21241 | Orc:1    | Reached skill level 5 in Dodging
 21440 | Orc:2    | Entered Level 2 of the Orcish Mines
 21440 | Orc:2    | Found Ustrarea's Weapon Boutique.
 23126 | Orc:2    | Found a staircase to the Elven Halls.
 23135 | Orc:2    | Found Nosynot's Armour Shop.
 23141 | Orc:2    | Found Megoheer's Jewellery Emporium.
 23146 | Orc:2    | Found Gofid's Weapon Boutique.
 23148 | Orc:2    | Found Xiuduc's Magic Scroll Shop.
 23151 | Orc:2    | Bought an amulet of regeneration for 510 gold pieces
 23605 | Snake:1  | Entered Level 1 of the Snake Pit
 23797 | Snake:1  | Noticed Louise
 23827 | Snake:1  | Killed Louise
 24169 | Snake:1  | Reached skill level 1 in Shields
 24246 | Snake:1  | Noticed Agnes
 24260 | Snake:1  | Killed Agnes
 25255 | Snake:2  | Identified the +1 chain mail "Lemy" {rC+++}
 25297 | Snake:2  | Found Kotwed's Jewellery Emporium.
 25536 | Snake:2  | Noticed Vashnia
 25553 | Snake:2  | Shot with an arrow by Vashnia

Illustrated notes

Levels and vault maps discovered:
D:1:      grunt_arrival_crossed_arrows, layout_loops_ring,
          hellmonk_ecumenical_altar_zigzags
D:2:      layout_basic, serial_shops, nicolae_diamond_shop
D:3:      layout_basic, mainiacjoe_overflow_big_doors, chequers_big_river
D:4:      layout_gridville, gup_sewer_entry_glass, uniq_blork_the_orc
D:5:      layout_loops_corners
D:6:      layout_basic, lemuel_crystal_altar, uniq_prince_ribbit1, uniq_edmund
D:7:      layout_loops_cross, minmay_temple_entry_junction,
          minmay_hollow_rounded_squares, uniq_joseph
D:8:      minmay_spotlight, layout_gridville,
          chequers_temple_overflow_minitemple
D:9:      layout_cave_pools, david_orc_2, gammafunk_ghost_split,
          nicolae_shop_clearance
D:10:     layout_irregular_city, okawaru_altar_gauntlet_db,
          minmay_misc_feat_diagonals, kb_rosetta, uniq_harold
D:11:     layout_cave_pools, minmay_lair_entry_grove, serial_shops, shop,
          hex_tiny
D:12:     layout_stronghold, uniq_urug
D:13:     layout_long_grid, erik_vaults_1, serial_shops, shop, uniq_nessos
D:14:     layout_loops_ring, nicolae_uskayaw_murder_on_the_dancefloor
D:15:     gammafunk_enter_depths_forms, layout_loops_ring
Lair:1:   layout_misc_corridors, beast_lair_carwin_10
Lair:2:   layout_big_grid, st_stairs_3
Lair:3:   layout_cave_pods, swamp_mist, minmay_snake_entry_six_corridors
Lair:4:   layout_small_grid, basic_altar, infiniplex_staircase_pool_2,
          uniq_rupert
Lair:5:   grunt_lair_end_beastmaster, layout_loops_ring,
          minmay_slime_entry_oklob_enclosed, portal_ice_cave_entry_imps,
          nicolae_lair_lakeside_cave
Snake:1:  layout_gridlike, grunt_ministairs_6, nicolae_snake_coiling_death,
          uniq_agnes, uniq_louise
Snake:2:  layout_misc_corridors, serial_shops, shop, basic_altar,
          nicolae_snake_double_loop, serial_bayou_shore_b, grunt_megastairs_4,
          uniq_vashnia
Orc:1:    layout_diamond_mine, lemuel_statue_altar
Orc:2:    st_orc_open, layout_caves, serial_shops, shop

Skill      XL: |  1  2  3  4  5  6  7  8  9 10 11 12 13 14 15 16 |
---------------+-------------------------------------------------+-----
Axes           | 3 4 5 6 7 9 11 13 14 15 16 17 | 17.0
Dodging        | 2 3 4 5 |  5.4
Armour         | 3 4 6 8 9 10 11 13 14 15 16 | 16.3
Fighting       | 4 5 6 8 9 10 12 14 16 17 | 17.5
Long Blades    | 2 4 5 |  5.1
Stealth        | 1 2 3 4 |  4.0
Throwing       | 1 2 |  2.0
Unarmed Combat | 1 |  1.1
Shields        | 4 |  4.5

Action                     |  1- 3 |  4- 6 |  7- 9 | 10-12 | 13-15 | 16-18 || total
---------------------------+-------+-------+-------+-------+-------+-------++-------
  Melee: Hand axe          |    95 |   162 |   187 |   372 |  1403 |   663 ||  2882
         Punch             |     2 |     2 |     4 |    11 |    31 |     9 ||    59
         Scimitar          |       |       |   108 |       |       |       ||   108
         War axe           |       |       |       |   158 |       |       ||   158
         Unarmed           |       |       |       |       |     6 |       ||     6
  Throw: Dart              |       |       |       |     4 |    11 |       ||    15
 Invoke: Berserk           |     2 |     6 |     7 |    16 |    18 |    14 ||    63
         Trog's Hand       |       |     3 |     1 |     8 |    20 |     7 ||    39
         Brothers in Arms  |       |       |       |     2 |     6 |     3 ||    11
    Use: Scroll            |     7 |     3 |     4 |    14 |     8 |     2 ||    38
         Potion            |       |       |       |     3 |     3 |     1 ||     7
   Stab: Petrifying        |       |       |       |       |     1 |       ||     1
         Petrified         |       |       |       |       |     1 |       ||     1
 Armour: Animal skin       |     5 |       |       |       |       |       ||     5
         Ring mail         |    49 |    38 |       |       |       |       ||    87
         Chain mail        |       |    91 |   178 |   129 |       |       ||   398
         Plate armour      |       |       |       |   269 |   805 |   412 ||  1486
  Dodge: Dodged            |    53 |   114 |   203 |   508 |   946 |   528 ||  2352
  Block: Tower shield      |       |       |       |       |       |   192 ||   192

Table legend: (Time is in decaauts)
 A = Elapsed time spent in this place.
 B = Non-inter-level travel time spent in this place.
 C = Inter-level travel time spent in this place.
 D = Time resting spent in this place.
 E = Time spent auto-exploring this place.
 F = Levels seen in this place.
 G = Mean time per level.
                   A        B        C        D        E       F      G
               +--------+--------+--------+--------+--------+-----+--------+
         Total |  25341 |  24288 |   1053 |   3089 |  15573 |  25 | 1013.6 |
       Dungeon |  14829 |  14247 |    582 |    966 |   9917 |  15 |  988.6 |
          Lair |   5840 |   5516 |    324 |    572 |   3690 |   5 | 1168.0 |
     Snake Pit |   1942 |   1894 |     48 |    428 |   1067 |   2 |  971.0 |
  Orcish Mines |   2536 |   2439 |     97 |   1123 |    793 |   2 | 1268.0 |
         Sewer |    192 |    192 |      0 |      0 |    106 |   1 |  192.0 |
               +--------+--------+--------+--------+--------+-----+--------+

Top non-repeatable levels by time:
   Orc:1: 1997 daAuts
  Lair:4: 1644 daAuts
  Lair:5: 1546 daAuts
    D:13: 1544 daAuts
 Snake:1: 1457 daAuts
    D:15: 1399 daAuts
    D:10: 1220 daAuts
     D:7: 1194 daAuts
    D:14: 1157 daAuts
  Lair:3: 1015 daAuts
    D:12: 1014 daAuts
     D:3: 965 daAuts
  Lair:1: 916 daAuts
    D:11: 912 daAuts
     D:5: 897 daAuts
